 Dungeon Crawl Stone Soup version 0.22-a0-265-g0d8bc90 (webtiles) character file.

41 wazuzu the Poker (level 3, -1/51 HPs)
             Began as a Naga Berserker on Mar 7, 2018.
             Was a Follower of Trog.
             Slain by a gnoll
             ... wielding a +0 flail
              (6 damage)
             ... on level 2 of the Dungeon.
             The game lasted 00:02:10 (1142 turns).

wazuzu the Poker (Naga Berserker)                   Turns: 1142, Time: 00:02:11

Health: -1/51      AC:  2    Str: 25    XL:     3   Next: 52%
Magic:  3/3        EV: 10    Int:  7    God:    Trog [*.....]
Gold:   26         SH:  0    Dex: 13    Spells: 2/2 levels left

rFire    . . .     SeeInvis +   a - +0 spear
rCold    . . .     Gourm    .   (no shield)
rNeg     . . .     Faith    .   b - +0 animal skin
rPois    +         Spirit   .   (no helmet)
rElec    .         Reflect  .   (no cloak)
rCorr    .         Harm     .   (no gloves)
MR       .....                  (no barding)
Stlth    ..........             (no amulet)
HPRegen  0.17/turn              d - +3 ring of dexterity
MPRegen  0.08/turn              (no ring)

@: berserking, quick
A: large, see invisible, deformed body, poison resistance, slowness 2, slow
metabolism 1, spit poison 1, AC +1
a: Spit Poison, Berserk, Renounce Religion


You were on level 2 of the Dungeon.
You worshipped Trog.
Trog was aware of your devotion.
You were very hungry.

You visited 1 branch of the dungeon, and saw 2 of its levels.

You collected 26 gold pieces.

Inventory:

Hand Weapons
 a - a +0 spear (weapon)
Armour
 b - a +0 animal skin (worn)
Jewellery
 d - a +3 ring of dexterity (left hand)
Scrolls
 e - a scroll of identify {unknown}
Potions
 f - a potion of heal wounds {unknown}
 g - 2 potions of lignification {unknown}
Comestibles
 c - a ration


   Skills:
 - Level 3.0 Fighting
 + Level 4.4 Polearms
 - Level 1.5 Armour
 - Level 1.5 Dodging


You had 2 spell levels left.
You didn't know any spells.

Dungeon Overview and Level Annotations

Branches:
Dungeon (2/15)

Altars:


Innate Abilities, Weirdness & Mutations

You cannot wear boots.
Your serpentine skin is tough. (AC +1)
You have supernaturally acute eyesight. (SInv)
Armour fits poorly on your strangely shaped body.
Your system is resistant to poisons. (rPois)
You cover ground very slowly.
You have a slow metabolism.
You can spit poison.


Message History

A gnoll comes into view. It is wielding a spear.
You are too injured to fight recklessly!
The gnoll shouts!
You hit the gnoll.
The gnoll is lightly wounded.
You barely miss the gnoll.
The gnoll is lightly wounded.
The gnoll hits you with a flail!
You puncture the gnoll!
You kill the gnoll!
Trog accepts your kill. The gnoll hits you with a flail!
* * * LOW HITPOINT WARNING * * *
You see here a flail.
You barely miss the gnoll.
The gnoll is moderately wounded.
You closely miss the gnoll.
The gnoll is moderately wounded.
The gnoll hits you with a flail.
You die...

#..#.....#
#..#.....###g
#...gg.......
#.###########
#.# #g# # #.#
#.# #g# #..
#@#
##########
#.#
#.........
#.#
#.########
#.#######.#
#.........#
########### .


You could see 2 gnolls.

Vanquished Creatures
  A gnoll (D:2)
  2 adders (D:2)
  A bat (D:1)
  4 goblins (D:1)
  3 hobgoblins (D:1)
  A frilled lizard (D:2)
  A kobold (D:1)
13 creatures vanquished.

Notes
Turn   | Place    | Note
-------+----------+-------------------------------------------
     0 | D:1      | wazuzu the Naga Berserker began the quest for the Orb.
     0 | D:1      | Reached XP level 1. HP: 21/21 MP: 1/1
   331 | D:1      | Reached XP level 2. HP: 26/28 MP: 2/2
   758 | D:2      | Reached skill level 4 in Polearms
   808 | D:2      | Reached XP level 3. HP: 8/34 MP: 3/3
  1142 | D:2      | Slain by a gnoll

Vault maps used:
D:1:      dpeg_arrival_round_a, serial_forest, infiniplex_forest_straight_2,
          infiniplex_forest_lined_room_3, infiniplex_forest_lined_room_,
          infiniplex_forest_lined_3, infiniplex_forest_end_1,
          infiniplex_forest_clump_tiny
D:2:      serial_undead, serial_undead_a, serial_undead_e, serial_undead_a,
          serial_undead_c, minivault_26, bloody_makhleb

Skill      XL: |  1  2 |
---------------+-------+-----
Polearms       | 4 |  4.4
Fighting       | |  3.0
Armour         | |  1.5
Dodging        | |  1.5

Action                   || total
-------------------------++-------
Melee: Spear             ||    47
Invok: Berserk           ||     1
 Abil: Spit Poison       ||     2
 Stab: Sleeping          ||     1
Armor: Animal skin       ||     1
Dodge: Dodged            ||    17

Table legend:
 A = Spawn XP
 B = Non-spawn XP
 C = Spawn XP percentage of total XP
 D = Spawn monster count
 E = Non-spawn monster count
 F = Spawn count percentage of total count
 G = Total turns spent on level
                    A         B        C        D         E        F      G
               +---------+---------+-------+---------+---------+-------+---------
         Total |       0 |      59 |   0.0 |       0 |      13 |   0.0 |  1142
               +---------+---------+-------+---------+---------+-------+---------
           D:1 |       0 |      17 |   0.0 |       0 |       9 |   0.0 |   746
           D:2 |       0 |      42 |   0.0 |       0 |       4 |   0.0 |   396
               +---------+---------+-------+---------+---------+-------+---------
